 Dungeon Crawl Stone Soup version 0.27-a0-1202-ge72e49191c (webtiles) character file.

Game seed: 13703767175336295008

2193 Delamore the Spear-Bearer (level 9, -21/68 HPs)
             Began as a Formicid Fighter on June 2, 2021.
             Was a Follower of Okawaru.
             Killed from afar by Harold (26 damage)
             ... with a bolt of acid
             ... on level 7 of the Dungeon.
             The game lasted 00:07:22 (4944 turns).

Delamore the Spear-Bearer (Formicid Fighter)        Turns: 4944, Time: 00:07:22

Health: -21/68     AC:  4    Str: 26    XL:     9   Next: 59%
Magic:  9/9        EV:  6    Int: 13    God:    Okawaru [*.....]
Gold:   429        SH: 10    Dex: 10    Spells: 8/8 levels left

rFire    . . .     SeeInvis +   m - +3 spear (venom)
rCold    . . .     Faith    .   c - +0 kite shield
rNeg     . . .     Spirit   .   t - +2 chain mail of the Snail {Str+3 Int+4}
rPois    .         Reflect  .   (helmet unavailable)
rElec    .         Harm     .   (no cloak)
rCorr    .         Rampage  .   (no gloves)
Will     .....                  k - +0 pair of boots
Stlth    ..........             h - amulet of regeneration
HPRegen  1.21/turn              (no ring)
MPRegen  0.11/turn              (no ring)

@: corroded
A: permanent stasis, dig shafts and tunnels, antennae 3, four strong arms
a: Dig, Shaft Self, Renounce Religion, Heroism


You were on level 7 of the Dungeon.
You worshipped Okawaru.
Okawaru was aware of your devotion.
You visited 2 branches of the dungeon, and saw 10 of its levels.

You collected 429 gold pieces.

Inventory:

Hand Weapons
 a - a +0 trident
 e - a +1 trident of protection
 m - a +3 spear of venom (weapon)
Missiles
 l - 60 poisoned darts (quivered)
 s - 5 boomerangs
 v - 6 silver boomerangs
Armour
 b - a +0 scale mail
 c - a +0 kite shield (worn)
 k - a +0 pair of boots (worn)
 t - the +2 chain mail of the Snail (worn) {Str+3 Int+4}
   (You took it off an orc on level 5 of the Dungeon)

   It affects your strength (+3).
   It affects your intelligence (+4).
 u - the +0 scale mail of Disguise {Fly rPois Int-2}
   (You found it on level 5 of the Dungeon)

   It affects your intelligence (-2).
   It protects you from poison.
   It grants you flight.
Jewellery
 h - an amulet of regeneration (around neck)
 o - an amulet of reflection
 x - a ring of wizardry
Wands
 n - a wand of acid (7)
 q - a wand of flame (10)
Scrolls
 p - 4 scrolls of identify
Potions
 d - 2 potions of might
 f - 2 potions of haste
 i - 3 potions of curing
 j - 2 potions of invisibility
 r - a potion of lignification


   Skills:
 - Level 5.0 Fighting
 * Level 11.6 Polearms
 - Level 3.2 Armour
 - Level 3.6 Shields


You had 8 spell levels left.
You didn't know any spells.
Your spell library contained the following spells:

 Spells                   Type           Power      Damage    Failure   Level
 Foxfire                  Conj/Fire      0%         2x1d4     99%         1
 Poisonous Vapours        Pois/Air       0%         N/A       100%        2
 Confusing Touch          Hex            0%         N/A       100%        3
 Conjure Flame            Conj/Fire      0%         6-21      100%        3
 Gell's Gravitas          Tloc           0%         N/A       100%        3
 Inner Flame              Hex/Fire       0%         N/A       100%        3
 Mephitic Cloud           Conj/Pois/Air  0%         N/A       100%        3
 Petrify                  Tmut/Erth      0%         N/A       100%        4
 Sticky Flame             Conj/Fire      0%         2d3       100%        4
 Fireball                 Conj/Fire      0%         3d3       100%        5
 Metabolic Englaciation   Hex/Ice        0%         N/A       100%        5
 Yara's Violent Unravell  Hex/Tmut       0%         3d3       100%        5
 Freezing Cloud           Conj/Ice/Air   0%         6-21      100%        6


Dungeon Overview and Level Annotations

Branches:
Dungeon (9/15)             Temple (1/1) D:5
   Lair: D:8-11         Orc: D:9-12

Altars:
Cheibriados
Elyvilon
Fedhas
Kikubaaqudgha
Nemelex Xobeh
Okawaru
Ru
Xom
Yredelemnul
Zin

Shops:
D:7 [

Annotations:
D:7 Harold


Innate Abilities, Weirdness & Mutations

You cannot be hasted, slowed, berserked, paralysed or teleported.
You can dig through walls and to a lower floor.
You have a pair of large antennae on your head. (SInv)
Your four strong arms can wield two-handed weapons with a shield.


Message History

Found 23 poisoned darts.
You hit Harold.
Harold is lightly wounded.
Harold zaps a wand.
The bolt of acid hits you but does no damage.
You are splashed with acid!
You hit Harold.
Harold is poisoned.
Harold is lightly wounded.
Aiming: Corrosive Bolt
Press: ? - help, Shift-Dir - straight line, f - Harold
Aim: Harold, wielding a +0 dire flail, wearing a +0 scale mail, quivering 3 throwing nets and carrying a wand of acid (11) (lightly wounded, very poisoned, 83% to hit)
The bolt of acid hits Harold!
Harold is splashed with acid.
The acid corrodes Harold!
Harold is moderately wounded.
Harold hits you with a +0 dire flail!
You hit Harold.
Harold looks as sick as possible!
Harold is heavily wounded.
Harold zaps a wand.
The bolt of acid hits you! The acid corrodes you!
You are splashed with acid!
* * * LOW HITPOINT WARNING * * *
You feel much better. You block Harold's attack.
You closely miss Harold.
Harold is heavily wounded.
Harold hits you with a +0 dire flail!!
You hit Harold.
Harold looks as sick as possible!
Harold is heavily wounded.
Harold zaps a wand.
The bolt of acid hits you!
* * * LOW HITPOINT WARNING * * *
The acid corrodes you!
You are splashed with acid!
* * * LOW HITPOINT WARNING * * *
You feel much better. Harold hits you with a +0 dire flail.
* * * LOW HITPOINT WARNING * * *
You closely miss Harold.
Harold is severely wounded.
You hit Harold but do no damage.
Harold looks as sick as possible!
Harold is severely wounded.
Harold hits you with a +0 dire flail!!
* * * LOW HITPOINT WARNING * * *
Harold zaps a wand.
The bolt of acid hits you!!
You die...

.........# ..#
.........# #.#
.........# #.#
.........## #.#
..........# #.#
..........#####.#
.########.....#@#
## #####...####
##..@..# #######
##.##..# ......##
#.... .#
#####..#####
#..... .#
##..†..# #.....#
# ####..# #.....#
##...## #(....#
#..### #..
####)## ...


You could see Harold (extremely poisoned, corroded).

Vanquished Creatures
  A hornet (D:6)
  A wyvern (D:9)
  2 water moccasins
  A black bear (D:5)
  A necrophage (D:6)
  2 ogres
  3 scorpions
  A wyvern skeleton (D:6)
  3 killer bees (D:9)
  2 howler monkeys (D:5)
  3 electric eels (D:3)
  2 bullfrog zombies (D:6)
  2 jellies
  A hound (D:5)
  3 orc priests
  2 iguanas
  6 orc wizards
  A killer bee zombie (D:6)
  The ghost of Sergey the Sneak, a weakling DDDe (D:6)
  A howler monkey zombie (D:9)
  7 gnolls
  4 adders
  An ufetubus (D:5)
  3 adder skeletons
  3 worms
  5 dart slugs
  14 orcs
  7 ball pythons
  3 bats
  12 endoplasms
  5 giant cockroaches
  3 goblins
  5 hobgoblins
  13 jackals
  2 quokkas
  2 frilled lizards
  6 kobolds
  3 rats
137 creatures vanquished.

Vanquished Creatures (others)
  2 plants (D:3)
2 creatures vanquished.

Grand Total: 139 creatures vanquished

Notes
Turn   | Place    | Note
-------+----------+-------------------------------------------
     0 | D:1      | Delamore the Formicid Fighter began the quest for the Orb.
     0 | D:1      | Reached XP level 1. HP: 18/18 MP: 1/1
   231 | D:1      | Reached XP level 2. HP: 24/24 MP: 2/2
   346 | D:1      | Reached skill level 3 in Polearms
   346 | D:1      | Reached XP level 3. HP: 27/30 MP: 3/3
  1127 | D:2      | Reached XP level 4. HP: 37/37 MP: 4/4
  1864 | D:3      | Found an ancient bone altar of Kikubaaqudgha.
  1919 | D:3      | Found a sacrificial altar of Ru.
  2083 | D:3      | Reached skill level 4 in Polearms
  2088 | D:3      | Reached XP level 5. HP: 17/42 MP: 5/5
  2200 | D:3      | Found a transporter.
  2297 | D:3      | Found a transporter.
  2637 | D:3      | Reached skill level 5 in Polearms
  2637 | D:3      | Reached XP level 6. HP: 39/49 MP: 6/6
  2884 | D:3      | Reached skill level 5 in Fighting
  3008 | D:4      | Reached skill level 6 in Polearms
  3008 | D:4      | Reached XP level 7. HP: 48/56 MP: 7/7
  3412 | D:5      | Entered Level 5 of the Dungeon
  3543 | D:5      | Reached skill level 7 in Polearms
  3552 | D:5      | Found a white marble altar of Elyvilon.
  3554 | D:5      | Found a blossoming altar of Fedhas.
  3637 | D:5      | Identified the +2 chain mail of the Snail {Str+3 Int+4}
  3651 | D:5      | Reached XP level 8. HP: 58/62 MP: 8/8
  3833 | D:5      | Identified the +0 scale mail of Disguise {Fly rPois Int-2}
  3857 | D:5      | Reached skill level 8 in Polearms
  3932 | D:5      | Found a staircase to the Ecumenical Temple.
  3948 | Temple   | Entered the Ecumenical Temple
  3956 | Temple   | Became a worshipper of Warmaster Okawaru
  4254 | D:6      | Found a runed translucent gate.
  4254 | D:6      | Found a runed translucent gate.
  4254 | D:6      | Found a runed translucent gate.
  4254 | D:6      | Noticed Sergey's ghost (weakling DDDe)
  4257 | D:6      | Found a basalt altar of Yredelemnul.
  4280 | D:6      | Reached skill level 9 in Polearms
  4334 | D:6      | Killed Sergey's ghost
  4455 | D:6      | Noticed a hornet
  4470 | D:6      | Killed a hornet
  4470 | D:6      | Reached * piety under Okawaru
  4471 | D:6      | Reached skill level 10 in Polearms
  4471 | D:6      | Reached XP level 9. HP: 40/68 MP: 9/9
  4611 | D:6      | You fall into a shaft and drop 3 floors!
  4630 | D:9      | Reached skill level 11 in Polearms
  4706 | D:8      | Found a snail-covered altar of Cheibriados.
  4837 | D:7      | Found Enes's Armour Shop.
  4932 | D:7      | Noticed Harold
  4940 | D:7      | HP: 1/68 [acid (15)]
  4944 | D:7      | Killed from afar by Harold

Illustrated notes

Levels and vault maps discovered:
D:1:      lordsloth_arrival_two_stooges, layout_basic, roderic_lattice_a,
          minivault_26, minmay_misc_feat_encased
D:2:      layout_basic
D:3:      gammafunk_steamed_eel, layout_basic, overflow_temple_1_default,
          nicolae_ru_awakened_eye
D:4:      cheibrodos_pilgrimage, layout_basic
D:5:      layout_loops_ring, jmf_multi_god_temple, minmay_temple_entry_mist
D:6:      layout_cave_pods, nicolae_yredelemnul_ghost_church,
          nicolae_wu_jian_immortal_techniques, serial_undead, serial_undead_a,
          serial_undead_f, serial_undead_a, serial_undead_c
D:7:      layout_rooms, marbit_many_paths, enter_bailey_3, serial_shops, shop,
          uniq_duvessa, uniq_harold
D:8:      layout_rooms, grunt_qazlal_clouds, kennysheep_slug_shrine,
          erik_lair_dragon
D:9:      layout_irregular_city, vehumet_crystals,
          nicolae_dithmenos_through_a_glass_darkly
Temple:   compressed_dpeg_triangle_lava_temple

Skill      XL: |  1  2  3  4  5  6  7  8  9 |
---------------+----------------------------+-----
Polearms       | 3 4 5 6 7 10 11 | 11.6
Fighting       | 4 5 |  5.0
Armour         | |  3.2
Shields        | |  3.6

Action                   |  1- 3 |  4- 6 |  7- 9 || total
-------------------------+-------+-------+-------++-------
Melee: Trident           |    72 |    63 |       ||   135
       Spear             |       |    74 |   296 ||   370
Throw: Dart              |       |       |     4 ||     4
Evoke: Wand              |       |     4 |     1 ||     5
  Use: Scroll            |     3 |     6 |     1 ||    10
       Potion            |       |       |     2 ||     2
Armor: Scale mail        |    20 |    50 |    16 ||    86
       Chain mail        |       |       |    61 ||    61
Dodge: Dodged            |    21 |    45 |    49 ||   115
Block: Kite shield       |    26 |    82 |   101 ||   209

Table legend: (Time is in decaauts)
 A = Elapsed time spent in this place.
 B = Non-inter-level travel time spent in this place.
 C = Inter-level travel time spent in this place.
 D = Time resting spent in this place.
 E = Time spent auto-exploring this place.
 F = Levels seen in this place.
 G = Mean time per level.
                   A        B        C        D        E       F      G
               +--------+--------+--------+--------+--------+-----+--------+
         Total |   4942 |   4717 |    225 |    286 |   3380 |  10 |  494.2 |
       Dungeon |   4926 |   4707 |    219 |    286 |   3380 |   9 |  547.3 |
        Temple |     15 |      9 |      6 |      0 |      0 |   1 |   15.0 |
               +--------+--------+--------+--------+--------+-----+--------+

Top non-repeatable levels by time:
     D:1: 992 daAuts
     D:3: 922 daAuts
     D:2: 891 daAuts
     D:5: 776 daAuts
     D:4: 650 daAuts
     D:6: 384 daAuts
     D:8: 134 daAuts
     D:7: 95 daAuts
     D:9: 78 daAuts
  Temple: 15 daAuts
